 Dungeon Crawl Stone Soup version 0.26.1-11-gd32895ea62 (webtiles) character file.

Game seed: 11875236319310746010

44 Almogavar the Skirmisher (level 3, -1/30 HPs)
             Began as a Demonspawn Abyssal Knight on July 15, 2021.
             Was a Follower of Lugonu.
             Slain by a worker ant (5 damage)
             ... on level 2 of the Dungeon.
             The game lasted 00:03:52 (2225 turns).

Almogavar the Skirmisher (DsAK)                     Turns: 2225, Time: 00:03:53

Health: -1/30      AC:  4    Str: 10 (13) XL:     3   Next: 41%
Magic:  4/4        EV: 11    Int: 10 (13) God:    Lugonu [*.....]
Gold:   77         SH:  0    Dex: 10 (12) Spells: 2/2 levels left

rFire    . . .     SeeInvis .   a - +1 falchion
rCold    . . .     Faith    .   (no shield)
rNeg     . . .     Spirit   .   b - +0 leather armour
rPois    .         Reflect  .   (no helmet)
rElec    .         Harm     .   (no cloak)
rCorr    .         Rampage  .   (no gloves)
Will     .....                  j - +0 pair of boots
Stlth    ++........             (no amulet)
HPRegen  0.10/turn              d - ring of stealth
MPRegen  0.09/turn              (no ring)

@: lethally poisoned (-1 -> -12)
A: powered by death 1, sturdy frame 1
a: Renounce Religion, Depart the Abyss


You were on level 2 of the Dungeon.
You worshipped Lugonu.
Lugonu was aware of your devotion.
You visited 1 branch of the dungeon, and saw 2 of its levels.
You visited the Abyss 1 time.

You collected 77 gold pieces.

Inventory:

Hand Weapons
 a - a +1 falchion (weapon)
Armour
 b - a +0 leather armour (worn)
 j - a +0 pair of boots (worn)
Jewellery
 d - a ring of stealth (left hand)
Scrolls
 c - 4 scrolls of identify {unknown}
 e - a scroll of enchant armour {unknown}
 f - a scroll of noise {unknown}
 g - a scroll of enchant weapon {unknown}
 h - a scroll of immolation {unknown}
 i - a scroll of amnesia {unknown}


   Skills:
 + Level 3.7 Fighting
 + Level 2.3 Long Blades
 + Level 1.9 Armour
 + Level 1.3 Dodging
 + Level 0.2 Stealth
 + Level 2.5 Invocations


You had 2 spell levels left.
You didn't know any spells.
Your spell library was empty.

Dungeon Overview and Level Annotations

Branches:
Dungeon (2/15)

Altars:
Zin


Innate Abilities, Weirdness & Mutations

You regenerate a little health from kills.
Your movements are slightly less encumbered by armour. (ER -2)


Message History

You are poisoned.
The worker ant poisons you! The worker ant bites you!
You are lethally poisoned!
The worker ant poisons you! The goblin closely misses you.
You riposte.
You closely miss the goblin.
You feel sick. The bat barely misses you.
You riposte.
You closely miss the bat. The goblin hits you but does no damage.
You feel sick. The bat barely misses you.
You feel sick.
It was a potion of degeneration.
There was something very wrong with that liquid.
You feel weakened.
You feel dopey.
You feel clumsy.
You feel sick. The bat closely misses you.
Unknown command.
You hit the worker ant.
The worker ant is severely wounded.
You feel sick. The worker ant bites you!
* * * LOW HITPOINT WARNING * * *
The worker ant bites you.
You die...

#......<##.#######.#
#.##...###.# #.#
..#.....##.# #.#
####..)....# #.# #
##.###### #.# # #.#
#.# # #.# ###.# #+#
#...# #@###
####B#### #..bg...#
#....##.# +.......#
# ###.....# #.#.#.#
#... .. #### .##


You could see a worker ant, a goblin and a bat.

Vanquished Creatures
  An adder (D:2)
  A worm (D:2)
  A leopard gecko (D:1)
  A ball python (D:1)
  2 giant cockroaches (D:1)
  5 goblins
  5 hobgoblins
  5 bats (D:1)
  A frilled lizard (D:1)
  5 kobolds (D:1)
  2 rats (D:1)
29 creatures vanquished.

Notes
Turn   | Place    | Note
-------+----------+-------------------------------------------
     0 | Abyss:1  | Almogavar the Demonspawn Abyssal Knight began the quest for
                  | the Orb.
     0 | Abyss:1  | Reached XP level 1. HP: 18/18 MP: 2/2
   130 | Abyss:1  | Noticed an ancient zyme
   132 | D:1      | Escaped the Abyss
   505 | D:1      | Gained mutation: Your movements are slightly less
                  | encumbered by armour. (ER -2) [demonic ancestry]
   505 | D:1      | Reached XP level 2. HP: 24/24 MP: 3/3
   648 | D:1      | Reached * piety under Lugonu
   744 | D:1      | Reached skill level 1 in Dodging
  1850 | D:2      | Found a glowing silver altar of Zin.
  1860 | D:2      | Gained mutation: You regenerate a little health from kills.
                  | [demonic ancestry]
  1860 | D:2      | Reached XP level 3. HP: 22/30 MP: 4/4
  2225 | D:2      | Slain by a worker ant

Illustrated notes

Levels and vault maps discovered:
D:1:      heliophobic_arrival_ceremonial_halls, layout_loops_corners
D:2:      layout_loops_corners, nicolae_overflow_crystal_walls

Skill      XL: |  1  2 |
---------------+-------+-----
Dodging        | 1 |  1.3
Long Blades    | 2 |  2.3
Fighting       | |  3.7
Armour         | |  1.9
Stealth        | |  0.2
Invocations    | |  2.5

Action                   || total
-------------------------++-------
Melee: Falchion          ||    96
Invok: Depart the Abyss  ||     1
  Use: Potion            ||     1
 Stab: Sleeping          ||     8
Armor: Leather armour    ||    16
Dodge: Dodged            ||    71
       Rpst.: Falchion   ||    20
